Description

PvP DT Rush By Twitch.Tv/Zemad

VOD

https://www.youtube.com/watch?v=rYCbGBjNtAc&feature=youtu.be

Replay - Top 10 Protoss Cheeses PvP DT Rush Game 8

Build Order

Get SALT Encoding   

  12  0:00  Probe  
  13  0:13  Probe  
  14  0:17  Pylon  
  14  0:24  Probe  
  15  0:32  Probe  
  15  0:40  Gateway  
  15  0:41  Probe  
  16  0:49  Assimilator  
  17  0:56  Probe  
  18  1:03  Assimilator  
  18  1:10  Probe, Gateway  
  19  1:18  Probe  
  20  1:28  Cybernetics Core  
  20  1:29  Probe  
  21  1:39  Pylon  
  21  1:43  Probe  
  23  2:05  Stalker  
  23  2:06  Sentry  
  27  2:08  Warp Gate  
  27  2:12  Twilight Council  
  28  2:25  Pylon  
  29  2:47  Stalker x2  
  33  3:04  Dark Shrine  
  33  3:15  Gateway x2  
  33  3:23  Gateway  
  33  3:31  Pylon  
  33  3:34  Blink  
  31  4:09  Pylon  
  32  4:16  Dark Templar x2  
  37  4:49  Archon  
  37  4:52  Stalker x4  
  45  5:08  Stalker  
  43  5:22  Stalker x2  
  49  5:41  Adept x2  
Spawning Tool Build Advisor. Get it on Overwolf

Go to:

Details

  • Created by: TwitchTOOS
  • Published on: Aug 29, 2020
  • Modified on: Aug 29, 2020
  • Patch: 4.11.0
  • Difficulty: Medium
Show
View Real Time Build Order
Export as new Build Order

Comments (0)

There are no comments. Be the first!

Create an account to comment!